AoeStats
← Malelf

Arabia

506715816Analyzed
1v1 RM · 18d ago on Sep 14, 2026· 37m 20s· 2 players
Game mode
Random Map
Map size
Tiny (2 player)
Population
200
Speed
Normal
Resources
Standard
Victory
Conquest
Starting age
Dark Age
Ending age
Imperial Age
RankedLock teamsTeams togetherTeam positionsShared explorationLock speedFull tech treeHidden civsTurbo modeCheats
Victory
Defeat
🇮🇹 Hindustanis · Italy
1731
+16
🇮🇳 Slavs · India
1739
-16
Malelf
8:05 Feudal Age
8:48 Double-Bit Axe
14:33 Horse Collar
16:35 Fletching
18:17 Loom
22:11 Castle Age
20:37 Padded Archer Armor
20:37 Gold Mining
21:57 Wheelbarrow
22:23 Crossbowman
23:01 Bodkin Arrow
24:27 Bloodlines
25:05 Bow Saw
24:57 Heavy Plow
27:41 Scale Barding Armor
28:14 Forging
28:24 Town Watch
30:00 Stone Mining
30:57 Husbandry
33:00 Hand Cart
36:48 Imperial Age
34:47 Scale Mail Armor
35:22 Iron Casting
37:09 Chain Mail Armor
37:18 Ballistics
37:08 Masonry
37:50 Squires
atom
7:54 Loom
10:15 Feudal Age
17:43 Bloodlines
18:56 Scale Barding Armor
18:47 Fletching
19:35 Padded Archer Armor
19:22 Double-Bit Axe
22:43 Scale Barding Armor
27:59 Castle Age
26:52 Forging
26:29 Horse Collar
31:31 Bow Saw
31:19 Pikeman
36:22 Wheelbarrow
35:19 Man-at-Arms
36:24 Scale Mail Armor
36:47 Long Swordsman
Connection lost

Rejoining the realm…

Still unreachable

The connection could not be restored.

Session expired

The server has moved on; the page needs a fresh start.